 Dungeon Crawl Stone Soup version 0.20.1-1-g8b1a95d (webtiles) character file.

120268 Gargoyl the Severer (level 16, -3/141 HPs)
             Began as a Minotaur Abyssal Knight on Sept 1, 2017.
             Was the Champion of Lugonu.
             Killed from afar by a shock serpent (20 damage)
             ... with a bolt of electricity
             ... on level 1 of the Snake Pit on Sept 2, 2017.
             The game lasted 01:04:42 (25357 turns).

Gargoyl the Severer (Minotaur Abyssal Knight)      Turns: 25357, Time: 01:04:43

Health: -3/141     AC: 30    Str: 31    XL:     16   Next: 29%
Magic:  36/36      EV: 10    Int: 17    God:    Lugonu [******]
Gold:   2565       SH: 23    Dex: 12    Spells: 15/15 levels left

rFire    . . .     SeeInvis +   d - +5 broad axe (elec)
rCold    + + .     Gourm    .   p - +5 shield
rNeg     + + +     Faith    .   O - +1 plate armour "Curchy" {rC+ Str+4 SInv}
rPois    +         Spirit   .   Z - +3 hat "Utaot" {rN+++ Regen+ Int+2 Dex-4}
rElec    .         Reflect  +   U - +2 cloak {rC+}
rCorr    .         Harm     .   S - +1 pair of gloves {Str+3}
MR       +....                  a - +0 pair of boots {run}
Stlth    ..........             y - +3 amulet of reflection
Regen    0.8/turn               q - ring "Epla" {rPois rF+ rN+}
MPRegen  0.3/turn               u - ring "Loud" {rF- rN+ MP+9 Str+4 Int+6}

@: lethally poisoned (-3 -> -4), quick
A: retaliatory headbutt, horns 2, icy blue scales 1, thin skeletal structure 1,
high mp 1
a: Depart the Abyss, Bend Space, Banish, Corrupt, Enter the Abyss, Brand Weapon
With Distortion, Renounce Religion


You were on level 1 of the Snake Pit.
You worshipped Lugonu.
Lugonu was exalted by your worship.
You were hungry.

You visited 4 branches of the dungeon, and saw 24 of its levels.
You visited the Abyss 1 time.
You also visited: Labyrinth, Ossuary, Ice Cave and Volcano.

You collected 3100 gold pieces.
You spent 535 gold pieces at shops.

Inventory:

Hand Weapons
 d - a +5 broad axe of electrocution (weapon)
 Y - a +4 war axe of freezing
Missiles
 L - 5 javelins (quivered)
Armour
 a - a +0 pair of boots of running (worn)
 p - a +5 shield (worn)
 O - the +1 plate armour "Curchy" (worn) {rC+ Str+4 SInv}
   (You found it on level 9 of the Dungeon)

   It affects your strength (+4).
   It protects you from cold.
   It lets you see invisible.
 S - a +1 pair of gloves of strength (worn)
 U - a +2 cloak of cold resistance (worn)
 Z - the +3 hat "Utaot" (worn) {rN+++ Regen+ Int+2 Dex-4}
   (You found it on level 12 of the Dungeon)

   It affects your intelligence (+2).
   It affects your dexterity (-4).
   It renders you almost immune to negative energy.
   It increases your rate of regeneration.
Jewellery
 e - an uncursed ring of poison resistance
 f - an uncursed ring of flight
 q - the ring "Epla" (left hand) {rPois rF+ rN+}
   (You bought it in a shop on level 14 of the Dungeon)

   [ring of poison resistance]

   It protects you from fire.
   It protects you from poison.
   It protects you from negative energy.
 u - the ring "Loud" (right hand) {rF- rN+ MP+9 Str+4 Int+6}
   (You found it in an ossuary)

   [ring of magical power]

   It affects your strength (+4).
   It affects your intelligence (+6).
   It makes you vulnerable to fire.
   It protects you from negative energy.
   It affects your magic capacity (+9).
 y - a +3 amulet of reflection (around neck)
 z - an uncursed ring of protection from magic
 E - an uncursed ring of protection from cold
 F - an uncursed ring of resist corrosion
 H - a cursed ring of teleportation {unknown}
 Q - an uncursed ring of protection from magic
 T - a +6 ring of strength
 W - an uncursed ring of poison resistance
Scrolls
 g - 20 scrolls of teleportation
 j - 2 scrolls of amnesia
 m - 5 scrolls of identify
 n - a scroll of fog
 o - 12 scrolls of remove curse
 s - 2 scrolls of blinking
 w - 2 scrolls of fear
 D - 4 scrolls of recharging
 G - a scroll of holy word
 I - 5 scrolls of magic mapping
 J - a scroll of torment {unknown}
Potions
 b - 3 potions of resistance
 h - 3 potions of haste
 k - 5 potions of flight
 t - 4 potions of might
 v - 5 potions of ambrosia
 x - 9 potions of curing
 A - 3 potions of heal wounds
 B - a potion of invisibility
 C - 3 potions of berserk rage
 P - a potion of brilliance
Books
 i - Roxanne's Guide on Shape Shifting
   (You took it off Roxanne on level 14 of the Dungeon)

   Spells                             Type                      Level
   a - Beastly Appendage              Transmutation                1
   b - Sticks to Snakes               Transmutation                2
   c - Spider Form                    Transmutation/Poison         3
   d - Statue Form                    Transmutation/Earth          6
   e - Dragon Form                    Transmutation                7
Comestibles
 c - 7 bread rations
 l - 16 meat rations
 r - 15 royal jellies
 R - 20 fruits


   Skills:
 + Level 12.7 Fighting
 + Level 18.0 Axes
 + Level 0.4 Throwing
 * Level 15.0 Armour
 + Level 4.1 Dodging
 + Level 15.7 Shields
 * Level 12.8 Invocations
 + Level 0.3 Evocations


You had 15 spell levels left.
You didn't know any spells.

Dungeon Overview and Level Annotations

Branches:
Dungeon (15/15)            Temple (0/1) D:4            Lair (6/6) D:9
 Shoals (0/4) Lair:3        Snake (1/4) Lair:2        Slime (0/5) Lair:6
    Orc (2/2) D:10            Elf (0/3) Orc:2        Vaults (0/5) D:14
 Depths (0/5) D:15

Altars:
Dithmenos
Gozag
Nemelex Xobeh
Okawaru
Jiyva

Shops:
D:8 *   D:10 [[?}:   D:11 :   D:14 *   Orc:2 ([*}   Snake:1 %[(


Innate Abilities, Weirdness & Mutations

You reflexively headbutt those who attack you in melee.
You have a pair of horns on your head.
You are partially covered in icy blue scales. (AC +2)
You have a somewhat thin skeletal structure. (Dex +2, Stealth)
You have an increased reservoir of magic. (+10% MP)


Message History

The shock serpent bites you but does no damage.
Unknown command.
You closely miss the shock serpent.
The shock serpent is almost dead.
You miss the black mamba.
You feel sick. You block the black mamba's attack.
The shock serpent bites you but does no damage.
The black mamba bites you but does no damage.
Unknown command.
You hit the shock serpent. Your headbutt misses the shock serpent.
The shock serpent is almost dead.
You slash the black mamba!
Lightning courses through the black mamba!
You kill the black mamba!
Lugonu accepts your kill.
You feel sick.
The shock serpent shoots out a bolt of lightning at you!
The bolt of electricity hits you!
* * * LOW HITPOINT WARNING * * *
The bolt of electricity hits you!
You die...

.∩.....##
###.....#
......##
.....#.#
.....## ##.####
.# ....## #..##
### #.### ##
..## ..# ..#
##..#...# .##
.# ##...#...#
.###...
#......#
........ #..S@#
..##...#
..............#
........
...............
......#
#..............
...##..
###...###......
..## . ####
....## ..#
##### ..#
########


You could see a shock serpent.

Vanquished Creatures
  Saint Roka (Orc:2)
  A nagaraja (Snake:1)
  Roxanne (D:14)
  2 orc warlords
  Azrael (D:15)
  The ghost of schorsch312 the Protected, a journeyman MiMo of the Shining One (D:14)
  A minotaur (Lab)
  4 fire dragons
  Fannar (Lair:2)
  A rakshasa (D:15)
  A naga warrior (Snake:1)
  4 vault guards (D:14)
  2 ice dragons (D:15)
  A hydra (D:13)
  A catoblepas (Lair:5)
  2 anacondas (Snake:1)
  4 centaur warriors
  5 orc high priests (Orc:2)
  2 tengu warriors (D:14)
  An ogre mage (D:15)
  9 two-headed ogres
  5 death yaks
  2 shock serpents (Snake:1)
  Urug (D:12)
  A naga sharpshooter (Snake:1)
  An unseen horror (D:12)
  A swamp dragon (Lair:6)
  2 naga ritualists (Snake:1)
  2 wolf spider zombies
  2 lindwurms (Lair:6)
  2 orc knights
  2 necromancers
  4 orc sorcerers
  2 mana vipers (Snake:1)
  4 manticores
  16 ugly things
  2 deep elf magi
  15 elephants
  A salamander (Snake:1)
  16 black mambas
  A molten gargoyle (Volcano)
  2 gargoyles
  4 centaur zombies
  5 torpor snails (Lair:6)
  An ice statue (IceCv)
  4 spiny frogs
  4 rime drakes (Lair:6)
  2 kobold demonologists
  10 komodo dragons
  12 freezing wraiths
  A harpy zombie (D:14)
  A merfolk (D:9)
  An ancient zyme (Abyss:2)
  3 polar bears
  7 trolls
  3 tyrant leeches (Lair:6)
  9 hippogriffs
  8 hornets
  A meliai zombie (D:15)
  4 blink frogs (Lair:6)
  A shadow (D:14)
  A redback (Lab)
  3 wyverns
  A wraith (Ossuary)
  27 yaks
  4 basilisks
  6 fire elementals
  2 death yak simulacra (IceCv)
  4 hungry ghosts
  A vampire mosquito (D:14)
  5 steam dragons
  4 nagas (Snake:1)
  7 wargs
  An acid dragon (D:14)
  2 hell hounds (D:15)
  11 water moccasins
  8 porcupines
  5 sky beasts
  3 black bears
  37 orc warriors
  4 phantoms
  3 eyes of draining
  11 ice beasts
  2 alligator simulacra (IceCv)
  16 ogres
  8 wolves
  20 centaurs
  A tengu (shapeshifter) (D:14)
  17 crocodiles
  3 big kobolds
  11 bullfrogs
  2 wyvern zombies
  8 scorpions
  4 killer bees (D:8)
  8 wights
  An electric eel (Lair:4)
  A howler monkey (D:7)
  A bullfrog zombie (D:8)
  7 crimson imps
  A human zombie (Ossuary)
  2 draconian simulacra (IceCv)
  8 hounds
  4 jellies
  2 centaur skeletons
  36 orc priests
  Jessica (D:2)
  2 bullfrog skeletons
  8 iguanas
  39 orc wizards
  12 worker ants
  2 spriggan simulacra (IceCv)
  A yak simulacrum (Lair:6)
  2 polar bear simulacra (Lair:6)
  6 troll simulacra (IceCv)
  3 wolf simulacra (Lair:6)
  2 centaur simulacra (IceCv)
  3 mummies (Ossuary)
  A hound zombie (D:6)
  A howler monkey zombie (D:8)
  A worker ant zombie (D:10)
  3 gnolls (D:5)
  A howler monkey skeleton (D:11)
  11 adders
  3 naga simulacra (IceCv)
  5 ogre simulacra (IceCv)
  6 shadow imps
  24 white imps
  An ufetubus (Abyss:2)
  2 oozes
  An adder zombie (D:5)
  3 adder skeletons
  9 worms
  6 dart slugs
  6 leopard geckos
  95 orcs
  8 giant cockroaches
  9 goblins
  5 hobgoblins
  16 jackals
  13 kobolds
  6 quokkas
  2 ball pythons
  8 bats
  5 frilled lizards
  2 goblin zombies (Ossuary)
  2 hobgoblin zombies (Ossuary)
  A jackal skeleton (D:6)
  A jackal zombie (D:5)
  4 kobold zombies (Ossuary)
  A leopard gecko skeleton (D:8)
  A leopard gecko zombie (D:8)
  A quokka skeleton (D:5)
  A quokka zombie (D:7)
  4 rats
  5 river rat simulacra (Lair:6)
  2 fungi
  7 plants
888 creatures vanquished.

Vanquished Creatures (collateral kills)
  A worker ant (D:7)
  A leopard gecko (D:7)
  An orc (D:7)
3 creatures vanquished.

Vanquished Creatures (others)
  Nessos (Lair:4)
  3 hydras
  A centaur warrior (D:14)
  A cyclops (D:11)
  8 centaurs
  An orc (D:14)
  A kobold (D:11)
  A plant (Lair:1)
17 creatures vanquished.

Grand Total: 908 creatures vanquished

Notes
Turn   | Place    | Note
-------+----------+-------------------------------------------
     0 | Abyss:1  | Gargoyl the Minotaur Abyssal Knight began the quest for the Orb.
     0 | Abyss:1  | Reached XP level 1. HP: 19/19 MP: 1/1
    21 | Abyss:2  | Noticed an ancient zyme
    24 | Abyss:2  | Killed an ancient zyme
    24 | Abyss:2  | Reached skill level 3 in Axes
    24 | Abyss:2  | Reached XP level 2. HP: 31/31 MP: 2/2
    24 | Abyss:2  | Reached XP level 3. HP: 38/38 MP: 3/3
    24 | Abyss:2  | Reached XP level 4. HP: 45/45 MP: 4/4
    24 | Abyss:2  | Reached XP level 5. HP: 51/51 MP: 5/5
   102 | Abyss:2  | Noticed a smoke demon
   120 | Abyss:2  | Noticed a raiju
   121 | D:1      | Escaped the Abyss
   154 | D:1      | Reached * piety under Lugonu
   967 | D:2      | Reached XP level 6. HP: 56/58 MP: 6/6
  1140 | D:2      | Noticed Jessica
  1157 | D:2      | Reached ** piety under Lugonu
  1161 | D:2      | Killed Jessica
  1161 | D:2      | Reached skill level 4 in Axes
  2655 | D:4      | Found a staircase to the Ecumenical Temple.
  2713 | D:4      | Reached *** piety under Lugonu
  3166 | D:5      | Entered Level 5 of the Dungeon
  3172 | D:5      | Reached skill level 5 in Axes
  3172 | D:5      | Reached skill level 1 in Shields
  3172 | D:5      | Reached XP level 7. HP: 64/64 MP: 8/8
  3418 | D:5      | Found a sand-covered staircase.
  3425 | Ossuary  | Entered an ossuary
  3425 | Ossuary  | Noticed a wraith
  3425 | Ossuary  | Noticed a wraith
  3425 | Ossuary  | Noticed a wraith
  3519 | Ossuary  | Got a clouded glass ring
  3759 | Ossuary  | Noticed a wraith
  3787 | Ossuary  | Killed a wraith
  3787 | Ossuary  | Reached skill level 6 in Axes
  4206 | D:5      | Reached skill level 5 in Armour
  4288 | D:5      | Identified the ring "Loud" {rF- rN+ MP+9 Str+4 Int+6} (You found it in an ossuary)
  4364 | D:6      | Reached XP level 8. HP: 58/73 MP: 10/10
  4429 | D:6      | Reached **** piety under Lugonu
  4472 | D:6      | Reached skill level 7 in Axes
  4480 | D:6      | Gained mutation: You have sharp toenails. [mutagenic meat]
  4481 | D:6      | Gained mutation: Scrolls take you a little longer to read. [mutagenic meat]
  4482 | D:6      | Gained mutation: You are partially covered in rugged brown scales. (AC +1, +3% HP) [mutagenic meat]
  4494 | D:6      | Lost mutation: Scrolls take you a little longer to read. [potion of mutation]
  4494 | D:6      | Lost mutation: You have sharp toenails. [potion of mutation]
  4494 | D:6      | Lost mutation: You are partially covered in rugged brown scales. (AC +1, +3% HP) [potion of mutation]
  4494 | D:6      | Gained mutation: You are partially covered in icy blue scales. (AC +2) [potion of mutation]
  4494 | D:6      | Gained mutation: You have a somewhat thin skeletal structure. (Dex +2, Stealth) [potion of mutation]
  4570 | D:6      | Found an iron altar of Okawaru.
  4674 | D:6      | Identified a scroll of acquirement
  5267 | D:7      | Reached skill level 8 in Axes
  5267 | D:7      | Reached skill level 5 in Invocations
  5326 | D:7      | Reached XP level 9. HP: 80/80 MP: 11/11
  5825 | D:7      | Reached ***** piety under Lugonu
  5837 | D:7      | Reached skill level 5 in Shields
  6221 | D:8      | Reached skill level 9 in Axes
  6342 | D:8      | Found Xiakead's General Store.
  6357 | D:8      | Bought a potion of heal wounds for 75 gold pieces
  7015 | D:9      | Reached XP level 10. HP: 85/88 MP: 13/13
  7019 | D:9      | Gained mutation: You have an increased reservoir of magic. (+10% MP) [mutagenic meat]
  7067 | D:9      | Got an ancient plate armour
  7106 | D:9      | Identified the +1 plate armour "Curchy" {rC+ Str+4 SInv} (You found it on level 9 of the Dungeon)
  7222 | D:9      | Reached skill level 10 in Axes
  7742 | D:9      | Found a staircase to the Lair.
  7768 | Lair:1   | Entered Level 1 of the Lair of Beasts
  7940 | Lair:1   | Noticed a spiny frog
  7949 | Lair:1   | Killed a spiny frog
  8399 | Lair:1   | Noticed a spiny frog
  8408 | Lair:1   | Killed a spiny frog
  8499 | Lair:1   | Noticed a five-headed hydra
  8500 | Lair:1   | Banished a five-headed hydra
  8664 | Lair:2   | Found a staircase to the Snake Pit.
  8694 | Lair:2   | Reached skill level 11 in Axes
  8735 | Lair:2   | Noticed Fannar
  8737 | Lair:2   | Noticed a black mamba
  8744 | Lair:2   | Killed a black mamba
  8744 | Lair:2   | Reached XP level 11. HP: 91/95 MP: 16/16
  8770 | Lair:2   | Killed Fannar
  9467 | Lair:3   | Noticed a six-headed hydra
  9470 | Lair:3   | Banished a six-headed hydra
  9900 | Lair:3   | Reached skill level 10 in Armour
 10097 | Lair:3   | Found a staircase to the Shoals.
 10107 | Lair:3   | Reached skill level 10 in Shields
 10132 | Lair:3   | Found a sparkling altar of Nemelex Xobeh.
 10411 | Lair:4   | Noticed Nessos
 10422 | Lair:4   | Killed Nessos
 10486 | Lair:4   | Reached skill level 12 in Axes
 10500 | Lair:4   | Found a labyrinth entrance.
 10517 | Lab      | Entered a labyrinth
 10821 | Lab      | Noticed a minotaur
 10827 | Lab      | Killed a minotaur
 10827 | Lab      | Reached XP level 12. HP: 54/104 MP: 19/19
 10829 | Lab      | Got an ancient long sword {drain}
 10832 | Lab      | Got a steaming sapphire amulet
 10838 | Lab      | Identified the amulet "Payzxet" {Gourm rC- MR+ Dex+4} (You found it in a labyrinth)
 10861 | Lair:4   | Identified the +8 long sword of Greed {drain, *Corrode Int+6 Dex+2} (You took it off a minotaur in a labyrinth)
 11135 | Lair:4   | Found a shadowy altar of Dithmenos.
 11533 | Lair:5   | Noticed a catoblepas
 11549 | Lair:5   | Killed a catoblepas
 12000 | Lair:5   | Noticed a death yak
 12000 | Lair:5   | Noticed a death yak
 12000 | Lair:5   | Noticed a death yak
 12000 | Lair:5   | Noticed a death yak
 12001 | Lair:5   | Noticed a death yak
 12018 | Lair:4   | Killed a death yak
 12022 | Lair:4   | Killed a death yak
 12099 | Lair:5   | Killed a death yak
 12103 | Lair:5   | Killed a death yak
 12106 | Lair:5   | Killed a death yak
 12132 | Lair:5   | Found a dark tunnel.
 12147 | Volcano  | Entered a volcano
 13051 | Lair:5   | Reached skill level 13 in Axes
 13058 | Lair:6   | Entered Level 6 of the Lair of Beasts
 13288 | Lair:6   | Reached XP level 13. HP: 113/113 MP: 21/21
 13290 | Lair:6   | Reached skill level 10 in Invocations
 13297 | Lair:6   | Reached skill level 10 in Fighting
 13494 | Lair:6   | Reached ****** piety under Lugonu
 13550 | Lair:6   | Noticed a fire dragon
 13561 | Lair:6   | Killed a fire dragon
 14056 | Lair:6   | Found a viscous altar of Jiyva.
 14056 | Lair:6   | Found a staircase to the Slime Pits.
 14129 | Lair:6   | Reached skill level 14 in Axes
 14536 | Lair:6   | Found a runed door.
 14546 | Lair:6   | Noticed a fire dragon
 14557 | Lair:6   | Killed a fire dragon
 15694 | D:10     | Entered Level 10 of the Dungeon
 15733 | D:10     | Found Saqyela's Gadget Boutique.
 15856 | D:10     | Found a staircase to the Orcish Mines.
 16027 | D:10     | Found Puucef's Magic Scroll Boutique.
 16034 | D:10     | Bought a scroll of teleportation for 45 gold pieces
 16034 | D:10     | Bought a scroll of teleportation for 45 gold pieces
 16034 | D:10     | Bought a scroll of teleportation for 45 gold pieces
 16054 | D:10     | Found Yserink's Antique Armour Shoppe.
 16103 | D:10     | Found Ciam Bul's Armour Emporium.
 16347 | D:10     | Found Sufuut's Book Boutique.
 16906 | D:11     | Reached XP level 14. HP: 95/122 MP: 23/23
 17085 | D:11     | Found Orghuqu's Book Shop.
 17363 | D:11     | Reached skill level 15 in Axes
 17914 | D:12     | Noticed Urug
 17928 | D:12     | Killed Urug
 18074 | D:12     | Got an ichor-stained hat
 18085 | D:12     | Identified the +3 hat "Utaot" {rN+++ Regen+ Int+2 Dex-4} (You found it on level 12 of the Dungeon)
 18786 | D:13     | Identified a +0 pair of boots of running (You acquired it on level 13 of the Dungeon)
 18818 | D:13     | Found a frozen archway.
 18838 | IceCv    | Entered an ice cave
 18980 | IceCv    | Found an ancient bone altar of Kikubaaqudgha.
 20210 | D:14     | Found Acyczyil's Assorted Antiques.
 20314 | D:14     | Found an opulent altar of Gozag.
 20425 | D:14     | Noticed schorsch312's ghost (journeyman MiMo)
 20453 | D:14     | Killed schorsch312's ghost
 20469 | D:14     | Bought a potion of curing for 75 gold pieces
 20469 | D:14     | Bought a steaming granite ring for 125 gold pieces
 20469 | D:14     | Bought a wooden ring for 125 gold pieces
 20470 | D:14     | Identified the ring "Epla" {rPois rF+ rN+} (You bought it in a shop on level 14 of the Dungeon)
 20510 | D:14     | Reached skill level 16 in Axes
 20547 | D:14     | Found a gate to the Vaults.
 20682 | D:14     | Reached XP level 15. HP: 126/130 MP: 25/25
 21185 | D:14     | Noticed Roxanne
 21196 | D:14     | Killed Roxanne
 21197 | D:14     | Identified Roxanne's Guide on Shape Shifting (You took it off Roxanne on level 14 of the Dungeon)
 21462 | D:15     | Entered Level 15 of the Dungeon
 21476 | D:15     | Found a sparkling altar of Nemelex Xobeh.
 21947 | D:15     | Noticed Azrael
 21966 | D:15     | Killed Azrael
 22169 | D:15     | Reached skill level 17 in Axes
 22169 | D:15     | Reached skill level 15 in Shields
 22395 | D:15     | Found a staircase to the Depths.
 22657 | Orc:1    | Entered Level 1 of the Orcish Mines
 22659 | Orc:1    | Noticed an orc warlord
 22677 | Orc:1    | Killed an orc warlord
 22872 | Orc:2    | Entered Level 2 of the Orcish Mines
 22890 | Orc:2    | Found a staircase to the Elven Halls.
 22945 | Orc:1    | Paralysed by an orc sorcerer for 4 turns
 23576 | Orc:2    | Noticed Saint Roka
 23883 | Orc:2    | Noticed an orc warlord
 23924 | Orc:2    | Killed an orc warlord
 24042 | Orc:2    | Killed Saint Roka
 24042 | Orc:2    | Reached XP level 16. HP: 115/141 MP: 27/27
 24217 | Orc:2    | Found Xeuloh's General Store.
 24217 | Orc:2    | Found Tenumel's Gadget Shoppe.
 24219 | Orc:2    | Found Cewophor's Antique Armour Emporium.
 24222 | Orc:2    | Found Yrritt's Antique Weapon Emporium.
 24652 | Snake:1  | Entered Level 1 of the Snake Pit
 24883 | Snake:1  | Reached skill level 15 in Armour
 25139 | Snake:1  | Found Doigan's Weapon Shop.
 25170 | Snake:1  | Found Qucoku's Armour Shoppe.
 25178 | Snake:1  | Found Efim's Food Emporium.
 25344 | Snake:1  | Reached skill level 18 in Axes
 25357 | Snake:1  | Killed from afar by a shock serpent

Skill      XL: |  1  2  3  4  5  6  7  8  9 10 11 12 13 14 15 16 |
---------------+-------------------------------------------------+-----
Fighting       | 6 7 8 9 10 11 12 | 12.7
Axes           | 3 5 6 8 9 11 12 13 14 16 17 18 | 18.0
Armour         | 3 4 5 6 7 9 10 11 12 13 14 15 | 15.0
Invocations    | 2 3 4 5 6 9 10 11 12 | 12.8
Shields        | 1 2 4 6 8 10 12 13 14 15 | 15.7
Dodging        | 2 3 4 |  4.1
Throwing       | |  0.4
Evocations     | |  0.3

Action                   |  1- 3 |  4- 6 |  7- 9 | 10-12 | 13-15 | 16-18 || total
-------------------------+-------+-------+-------+-------+-------+-------++-------
Melee: Hand axe          |       |   221 |   462 |   296 |       |       ||   979
       Headbutt          |       |    37 |   105 |   116 |   254 |    25 ||   537
       Unarmed           |       |     9 |       |       |       |       ||     9
       Broad axe         |       |       |       |   149 |  1086 |   111 ||  1346
Throw: Tomahawk          |       |       |       |       |     8 |       ||     8
Invok: Depart the Abyss  |       |     1 |       |       |       |       ||     1
       Banish            |       |       |       |     4 |     1 |       ||     5
Evoke: Wand              |     2 |     1 |       |       |       |       ||     3
  Use: Scroll            |       |    12 |    16 |    13 |    17 |       ||    58
       Potion            |       |     2 |     1 |     3 |     1 |     2 ||     9
 Stab: Confused          |       |     1 |       |       |       |       ||     1
  Eat: Chunk             |       |     7 |    10 |    22 |    25 |     3 ||    67
       Bread ration      |       |       |     2 |     1 |     2 |       ||     5
Armor: Leather armour    |       |    42 |       |       |       |       ||    42
       Ring mail         |       |    65 |    10 |       |       |       ||    75
       Skin              |       |     1 |       |       |       |       ||     1
       Chain mail        |       |       |    64 |       |       |       ||    64
       Plate armour      |       |       |   178 |   198 |   435 |    49 ||   860
Dodge: Dodged            |       |   136 |    74 |    95 |   219 |    20 ||   544
Block: Shield            |       |    57 |   327 |   499 |  1229 |   138 ||  2250
       Reflection        |       |       |       |     4 |   106 |    18 ||   128
